AoeStats
← MoltoBenny

Lombardia

508118740Analyzed
2v2 RM · 12d ago on Sep 21, 2026· 17m 26s· 4 players
Game mode
Random Map
Map size
Medium (4 player)
Population
200
Speed
Normal
Resources
Standard
Victory
Conquest
Starting age
Dark Age
Ending age
Imperial Age
RankedLock teamsTeams togetherTeam positionsShared explorationLock speedFull tech treeHidden civsTurbo modeCheats
Victory
Defeat
🇺🇸 Britons · United States
1087
+13
🇺🇸 Magyars · United States
969
+18
🇨🇱 Byzantines · Chile
1020
-16
🇨🇱 Italians · Chile
996
-15
MatiassCJ
0:40 Loom
12:59 Feudal Age
16:41 Castle Age
15:32 Double-Bit Axe
felipe2204
1:47 Loom
10:40 Feudal Age
LactoseTolerant
9:05 Feudal Age
7:20 Loom
10:08 Double-Bit Axe
13:18 Fletching
16:56 Horse Collar
MoltoBenny
0:45 Loom
11:27 Feudal Age
10:11 Loom
12:33 Double-Bit Axe
14:07 Bloodlines
15:37 Scale Barding Armor
16:34 Gold Mining
Connection lost

Rejoining the realm…

Still unreachable

The connection could not be restored.

Session expired

The server has moved on; the page needs a fresh start.